Match 47380949
Unlisted

Match 47380949
End
Construct Infanterie Kompanie
Selects Breakthrough Battlegroup
Grenadier Squad
MG 42 Machine Gun Team
GrW 34 Mortar Team
Construct Panzergrenadier Kompanie
Panzergrenadier Squad
Panzergrenadier Squad
Selects Assault Grenadiers
Selects Breakthrough
Panzergrenadier Officer Quarters
Selects Incendiary Bombing Run
251 Medium Carrier
Pioneer Squad
Pak 40 Anti-tank Gun Team
Hyùk
O_chichi
SgtSteiner
laglure
0
0

Comments sign in to comment!

No comments posted yet!